 Dungeon Crawl Stone Soup version 0.21-a0-321-g91e3373 (webtiles) character file.

74 Hasart the Shooter (level 4, 0/38 HPs)
             Began as a Centaur Hunter on Sept 30, 2017.
             Was a Follower of Kikubaaqudgha.
             Slain by a kobold (3 damage)
             ... on level 2 of the Dungeon.
             The game lasted 00:04:33 (2267 turns).

Hasart the Shooter (Centaur Hunter)                 Turns: 2267, Time: 00:04:33

Health: 0/38       AC:  4    Str: 15    XL:     4   Next: 10%
Magic:  4/4        EV:  9    Int: 10    God:    Kikubaaqudgha [*.....]
Gold:   131        SH:  0    Dex: 10    Spells: 3/3 levels left

rFire    . . .     SeeInvis .   a - +1 shortbow
rCold    . . .     Gourm    .   (shield currently unavailable)
rNeg     . . .     Faith    .   c - +0 leather armour
rPois    .         Spirit   .   (no helmet)
rElec    .         Reflect  .   (no cloak)
rCorr    .         Harm     .   (no gloves)
MR       .....                  (no barding)
Stlth    +.........             e - amulet of magic regeneration
HPRegen  0.12/turn              (no ring)
MPRegen  0.34/turn              (no ring)

@: very quick
A: hooves 3, deformed body, speed 2, tough skin 3
a: Receive Corpses, Renounce Religion


You were on level 2 of the Dungeon.
You worshipped Kikubaaqudgha.
Kikubaaqudgha was aware of your devotion.
You were not hungry.

You visited 1 branch of the dungeon, and saw 2 of its levels.

You collected 131 gold pieces.

Inventory:

Hand Weapons
 a - a +1 shortbow (weapon)
 b - a +0 short sword
Missiles
 d - 60 arrows (quivered)
Armour
 c - a +0 leather armour (worn)
Jewellery
 e - an amulet of magic regeneration (around neck)
Scrolls
 h - a scroll of blinking {unknown}
 k - a scroll of remove curse {unknown}
 n - a scroll of identify {unknown}
 p - a scroll of magic mapping {unknown}
Potions
 i - 2 potions of curing {unknown}
 j - a potion of degeneration {unknown}
 l - a potion of resistance {unknown}
 m - a potion of flight {unknown}
Books
 o - Kikubaaqudgha's Guide on Evil Rites
   (Kikubaaqudgha gifted it to you on level 2 of the Dungeon)

   Spells                             Type                      Level
   a - Pain                           Necromancy                   1
   b - Corpse Rot                     Necromancy                   2
   c - Sublimation of Blood           Necromancy                   2
   d - Regeneration                   Charms/Necromancy            3
   e - Control Undead                 Necromancy                   4
Comestibles
 f - 3 bread rations
 g - 5 chunks of flesh


   Skills:
 + Level 3.0 Fighting
 * Level 6.8 Bows
 - Level 1.3 Dodging
 - Level 0.4 Stealth


You had 3 spell levels left.
You didn't know any spells.

Dungeon Overview and Level Annotations

Branches:
Dungeon (2/15)

Altars:
Kikubaaqudgha


Innate Abilities, Weirdness & Mutations

You have hooves in place of feet.
Armour fits poorly on your strangely shaped body.
You cover ground very quickly.
You have extremely tough skin. (AC +3)


Message History

The kobold hits you but does no damage. The kobold hits you.
* * * LOW HITPOINT WARNING * * *
The kobold misses you. The kobold misses you. The kobold hits you.
* * * LOW HITPOINT WARNING * * *
The kobold barely misses you. The kobold hits you.
* * * LOW HITPOINT WARNING * * *
The kobold barely misses you. The kobold hits you.
* * * LOW HITPOINT WARNING * * *
The kobold hits you but does no damage. The kobold barely misses you.
The kobold completely misses you. The kobold hits you but does no damage.
The kobold hits you.
You die...
Kikubaaqudgha rasps: "You have failed me!
Welcome... death!"

.. .....≈≈≈≈≈≈ # ..
###≈≈.≈.... #. .##
#..≈≈...≈ #.#..#
#....÷..# #..#.#
#.....#.÷ # #...#
#.....### #. #..##
#.....# #
#####.###..#####.....###
......K@.............##.
########................
###.#####..>.....
#.....#..)....#
#..##.......#.#
##..#...###.#<.
#...#.###...#
....#..#........
......#####....#


You could see a kobold.

Vanquished Creatures
  2 adders (D:2)
  An ooze (D:1)
  A dart slug (D:1)
  2 leopard geckos
  A ball python (D:2)
  8 bats
  A giant cockroach (D:1)
  5 goblins
  9 hobgoblins
  4 jackals (D:1)
  2 kobolds
  5 frilled lizards
  4 rats
45 creatures vanquished.

Notes
Turn   | Place    | Note
-------+----------+-------------------------------------------
     0 | D:1      | Hasart the Centaur Hunter began the quest for the Orb.
     0 | D:1      | Reached XP level 1. HP: 17/17 MP: 1/1
   149 | D:1      | Reached XP level 2. HP: 14/24 MP: 2/2
   605 | D:1      | Reached skill level 6 in Bows
   926 | D:1      | Reached XP level 3. HP: 30/30 MP: 3/3
  1910 | D:2      | Reached XP level 4. HP: 22/38 MP: 4/4
  2103 | D:2      | Found a faded altar of an unknown god.
  2136 | D:2      | Became a worshipper of Kikubaaqudgha
  2136 | D:2      | Reached * piety under Kikubaaqudgha
  2136 | D:2      | Identified Kikubaaqudgha's Guide on Evil Rites (Kikubaaqudgha gifted it to you on level 2 of the Dungeon)
  2136 | D:2      | Received a gift from Kikubaaqudgha
  2267 | D:2      | Slain by a kobold

Vault maps used:
D:1:      giann_forest_graveyard, minmay_pentomino_r4
D:2:      minmay_wonky_spiral, chequers_ecumenical_altar_island, uniq_jessica

Skill      XL: |  1  2  3 |
---------------+----------+-----
Bows           | 6 |  6.8
Fighting       | 3 |  3.0
Dodging        | |  1.3
Stealth        | |  0.4

Action                   |  1- 3 |  4- 6 || total
-------------------------+-------+-------++-------
Melee: Short sword       |    15 |     5 ||    20
       Kick              |     1 |       ||     1
 Fire: Shortbow          |   124 |     8 ||   132
  Eat: Chunk             |     2 |     1 ||     3
Armor: Leather armour    |    30 |    27 ||    57
Dodge: Dodged            |    44 |    32 ||    76

Table legend:
 A = Spawn XP
 B = Non-spawn XP
 C = Spawn XP percentage of total XP
 D = Spawn monster count
 E = Non-spawn monster count
 F = Spawn count percentage of total count
 G = Total turns spent on level
                    A         B        C        D         E        F      G
               +---------+---------+-------+---------+---------+-------+---------
         Total |       0 |     107 |   0.0 |       0 |      45 |   0.0 |  2267
               +---------+---------+-------+---------+---------+-------+---------
           D:1 |       0 |      67 |   0.0 |       0 |      35 |   0.0 |  1829
           D:2 |       0 |      40 |   0.0 |       0 |      10 |   0.0 |   438
               +---------+---------+-------+---------+---------+-------+---------
